 Seeded DCSS version 0.28-a0-1567-g1695149f81 (webtiles) character file.

Game seed: 179 (custom seed)

70 knot the Chopper (level 4, 27/52 HPs)
             Began as a Demonspawn Berserker on Jan 20, 2022.
             Was a Follower of Trog.
             Quit the game on level 3 of the Dungeon.
             The game lasted 00:01:53 (2975 turns).

knot the Chopper (Demonspawn Berserker)             Turns: 2975, Time: 00:01:53

Health: 27/52      AC:  4    Str: 18    XL:     4   Next: 3%
Magic:  4/4        EV: 12    Int: 10    God:    Trog [*.....]
Gold:   102        SH:  4    Dex: 12    Spells: 3/3 levels left

rFire   . . .      SeeInvis .   a - +0 hand axe
rCold   . . .      Faith    .   (no shield)
rNeg    . . .      Spirit   .   b - +0 animal skin
rPois   .          Reflect  .   (no helmet)
rElec   .          Harm     .   (no cloak)
rCorr   .          Rampage  .   p - +0 pair of gloves
Will    .....                   o - +0 pair of boots
Stlth   ..........              (no amulet)
HPRegen 0.17/turn               (no ring)
MPRegen 0.09/turn               (no ring)

@: berserking (expiring), very quick
A: claws 1, condensation shield
a: Renounce Religion, Berserk


You were on level 3 of the Dungeon.
You worshipped Trog.
Trog was aware of your devotion.
You visited 1 branch of the dungeon, and saw 3 of its levels.

You collected 102 gold pieces.

Inventory:

Hand Weapons
 a - a +0 hand axe (weapon)
Missiles
 c - 58 stones (quivered)
 m - 9 poisoned darts
 q - 4 boomerangs
Armour
 b - a +0 animal skin (worn)
 o - a +0 pair of boots (worn)
 p - a +0 pair of gloves (worn)
Jewellery
 n - an amulet of the acrobat
Scrolls
 d - a scroll of noise {unknown}
 f - a scroll of enchant armour {unknown}
 j - 3 scrolls of identify {unknown}
 k - a scroll of holy word {unknown}
 l - a scroll of enchant weapon {unknown}
Potions
 e - a potion of heal wounds {unknown}
 g - a potion of berserk rage {unknown}
 h - a potion of invisibility {unknown}
 i - a potion of lignification {unknown}
 r - a potion of curing {unknown}


   Skills:
 - Level 3.0 Fighting
 + Level 4.5 Axes
 - Level 1.7 Armour
 - Level 1.7 Dodging


You had 3 spell levels left.
You didn't know any spells.
Your spell library was empty.

Dungeon Overview and Level Annotations

Branches:
Dungeon (3/15)

Altars:
Xom


Innate Abilities, Weirdness & Mutations

You have sharp fingernails.
A meltable shield of frost defends you. (SH +4)


Message History

An orc and an adder come into view.
The adder hisses angrily.
There is an open door here.
Found 2 gold pieces.
Found a scroll labelled TUANUNK JIJYM and a robe.
The orc hits you but does no damage.
You barely miss the orc. The orc barely misses you.
You hit the orc but do no damage. You barely miss the orc.
The orc hits you with a +0 dagger. The orc barely misses you.
You barely miss the orc. x2; You hit the orc.
You kill the orc!
Trog accepts your kill. The orc hits you with a +0 hand axe.
The orc hits you with a +0 dagger.
Unknown command.
A red film seems to cover your vision as you go berserk!
You feel yourself moving faster!
You feel mighty! The orc barely misses you. The orc hits you with a +0 dagger.
You completely miss the orc. You barely miss the orc.
The shadow imp disappears for a moment.
The orc hits you with a +0 hand axe. The orc hits you with a +0 dagger.
You barely miss the orc. x2
You hit the orc.
The orc is severely wounded.
You closely miss the orc. The orc hits you but does no damage.
The orc hits you with a +0 dagger.
You slash the orc!
You kill the orc!
Trog accepts your kill.
You slash the orc!
You kill the orc!
Trog accepts your kill.
You closely miss the adder. You slash the adder!
You kill the adder!
Trog accepts your kill.
You closely miss the shadow imp. The shadow imp hits you.
You have reached level 4!
You feel stronger.
Your demonic ancestry asserts itself...
Frost condenses into a shield before you.
Are you sure you want to abandon this character and quit the game? (Confirm with "yes".)

...##. ..
###...'.?.[.+...###. ..
.##....#..$..#..####.. ..
..#.....#.....#.###.#.# #.
..#....####'######..#.# #.
..'...###.....###...+.# #.
..#..###.....###....#.###.
.5#.###..)).###.....#.....
..####...@)###.....##..##.
..###...5.###r....###..###
...####'#######+#####..# #
#......................# #
##############.........# #
########### # # # #


You could see a shadow imp and a quokka.

Vanquished Creatures
  2 adders
  A worm (D:2)
  A dart slug (D:2)
  3 orcs (D:3)
  5 endoplasms
  3 giant cockroaches
  5 goblins
  4 hobgoblins
  3 kobolds
  5 ball pythons
  6 bats
  A frilled lizard (D:2)
  3 rats
42 creatures vanquished.

Vanquished Creatures (others)
  15 plants (D:2)
15 creatures vanquished.

Grand Total: 57 creatures vanquished

Notes
Turn   | Place    | Note
-------+----------+-------------------------------------------
     0 | D:1      | knot the Demonspawn Berserker began the quest for the Orb.
     0 | D:1      | Reached XP level 1. HP: 18/18 MP: 1/1
   199 | D:1      | Found a faded altar of an unknown god.
   208 | D:1      | Reached skill level 3 in Axes
   302 | D:1      | Gained mutation: You have sharp fingernails. [demonic
                  | ancestry]
   302 | D:1      | Reached XP level 2. HP: 24/24 MP: 2/2
  1531 | D:2      | Reached XP level 3. HP: 24/29 MP: 3/3
  1674 | D:2      | Reached skill level 4 in Axes
  2641 | D:3      | Found a shimmering altar of Xom.
  2975 | D:3      | Gained mutation: A meltable shield of frost defends you.
                  | (SH +4) [demonic ancestry]
  2975 | D:3      | Reached XP level 4. HP: 27/35 MP: 4/4
  2975 | D:3      | Quit the game

Illustrated notes

Levels and vault maps discovered:
D:1:      nzn_arrival_depleted_hourglass, layout_basic, serial_glass,
          glass_columns_c, glass_columns_a, hellmonk_ecumenical_altar_run_dry,
          hangedman_decor_growths, grunt_decor_mini_mirrors,
          minmay_split_cup_small
D:2:      layout_loops_ring, serial_bayou_ford_a
D:3:      layout_basic, xom_teletrap_fun, minmay_quadrilaterals

Skill      XL: |  1  2  3 |
---------------+----------+-----
Axes           | 3 4 |  4.5
Fighting       | |  3.0
Armour         | |  1.7
Dodging        | |  1.7

Action                   |  1- 3 |  4- 6 || total
-------------------------+-------+-------++-------
Melee: Hand axe          |   121 |       ||   121
       Punch             |     1 |       ||     1
Invok: Berserk           |     4 |       ||     4
 Stab: Sleeping          |     4 |       ||     4
Armor: Animal skin       |    29 |       ||    29
Dodge: Dodged            |    68 |       ||    68

Table legend: (Time is in decaauts)
 A = Elapsed time spent in this place.
 B = Non-inter-level travel time spent in this place.
 C = Inter-level travel time spent in this place.
 D = Time resting spent in this place.
 E = Time spent auto-exploring this place.
 F = Levels seen in this place.
 G = Mean time per level.
                   A        B        C        D        E       F      G
               +--------+--------+--------+--------+--------+-----+--------+
         Total |   3020 |   2935 |     85 |    854 |   1769 |   3 | 1006.7 |
       Dungeon |   3020 |   2935 |     85 |    854 |   1769 |   3 | 1006.7 |
               +--------+--------+--------+--------+--------+-----+--------+

Top non-repeatable levels by time:
     D:2: 1632 daAuts
     D:1: 983 daAuts
     D:3: 404 daAuts
